 Dungeon Crawl Stone Soup version 0.32-a0-675-gdc239d62e1 (webtiles) character file.

Game seed: 1324640990903906895

25551 Implojin the Slicer (level 13, 0/99 HPs)
             Began as a Coglin Delver on Mar 11, 2024.
             Was an Elder of Wu Jian.
             Slain by an azure jelly (35 damage)
             ... in an ice cave on Mar 12, 2024.
             The game lasted 00:41:14 (14951 turns).

Implojin the Slicer (Coglin Delver)                Turns: 14951, Time: 00:41:14

Health: 0/99       AC: 14    Str: 19    XL:     13   Next: 20%
Magic:  13/13      EV:  7    Int: 12    God:    Wu Jian [****..]
Gold:   152        SH:  0    Dex: 19    Spells: 12/12 levels left

rFire   . . .        M - +7 rapier (speed) {Imanvir}
rCold   . . .        F - +2 dagger (speed) {Anan}
rNeg    . . .        j - +0 plate armour "Gajuts" {Str+4 Stlth+}
rPois   .            (no helmet)
rElec   .            r - scarf {+Inv}
rCorr   .            w - +2 pair of gloves {Str+3}
SInv    .            o - +0 pair of boots
Will    .....        (amulet unavailable) Stlth
                     (ring unavailable)
HPRegen 0.36/turn    (ring unavailable)
MPRegen 0.13/turn    (no gizmo)

%: no passive effects
@: about to teleport
A: off-hand wielding, slow wielding, warmup strikes, no jewellery
a: Invent Gizmo, Renounce Religion, Evoke Invisibility, Wall Jump, Serpent's
Lash


You were in an ice cave.
You worshipped Wu Jian.
Wu Jian was greatly pleased with you.
You visited 3 branches of the dungeon, and saw 14 of its levels.
You also visited: Gauntlet and Ice Cave.

You collected 1601 gold pieces.
You spent 1449 gold pieces at shops.

Inventory:

Hand Weapons
 F - a +2 dagger of speed (offhand) {Anan}
 M - a +7 rapier of speed (weapon) {Imanvir}
Missiles
 b - 3 javelins
 t - a throwing net
 y - 10 curare-tipped darts
 z - 32 poisoned darts (quivered)
 G - 10 boomerangs
 K - 5 silver javelins
Armour
 j - the +0 plate armour "Gajuts" (worn) {Str+4 Stlth+}
   (You bought it in a shop on level 6 of the Dungeon)

   Str+4:     It affects your strength (+4).
   Stlth+:    It makes you more stealthy.
 o - a +0 pair of boots (worn)
 r - a scarf of invisibility (worn)
 w - a +2 pair of gloves of strength (worn)
 A - a +1 cloak
 E - a +0 troll leather armour
Talismans
 x - a maw talisman
Wands
 f - a wand of flame (5)
 g - a wand of digging (3)
 I - a wand of charming (10)
 O - a wand of polymorph (4)
 S - a wand of roots (4)
 T - a wand of mindburst (9)
Scrolls
 c - 2 scrolls of fog
 e - 3 scrolls of fear
 k - 2 scrolls of blinking
 n - a scroll of vulnerability
 p - a scroll of enchant armour
 q - 3 scrolls of teleportation
 B - 3 scrolls of brand weapon
 C - 3 scrolls of immolation
 D - 4 scrolls of poison
 N - a scroll of silence
Potions
 a - 3 potions of mutation
 h - 2 potions of degeneration {unknown}
 i - a potion of heal wounds
 m - 2 potions of haste
 s - a potion of might
 u - a potion of lignification {unknown}
 H - a potion of invisibility {unknown}
 L - a potion of enlightenment {unknown}
 P - a potion of ambrosia


   Skills:
 * Level 8.7 Fighting
 - Level 14.0 Short Blades
 - Level 5.0 Dodging
 - Level 4.7 Stealth
 - Level 6.0 Evocations
 - Level 10.0 Shapeshifting


You had 12 spell levels left.
You didn't know any spells.
Your spell library contained the following spells:

 Spells                   Type           Power      Damage    Failure   Level
 Apportation              Tloc           0%         N/A       100%        1
 Call Imp                 Summ           0%         N/A       100%        2
 Jinxbite                 Hex            0%         N/A       100%        2
 Sublimation of Blood     Necr           0%         N/A       100%        2
 Hailstorm                Conj/Ice       0%         3d5       100%        3
 Stone Arrow              Conj/Erth      0%         3d7       100%        3
 Summon Ice Beast         Ice/Summ       0%         N/A       100%        3
 Animate Armour           Summ/Erth      0%         N/A       100%        4
 Brom's Barrelling Bould  Conj/Erth      0%         2d3       100%        4
 Cause Fear               Hex            0%         N/A       100%        4
 Manifold Assault         Tloc           0%         N/A       100%        4
 Alistair's Intoxication  Alch           0%         N/A       100%        5
 Fireball                 Conj/Fire      0%         3d3       100%        5
 Irradiate                Conj/Alch      0%         3d11      100%        5
 Iskenderun's Battlesphe  Conj           0%         2d6       100%        5
 Dispersal                Tloc           0%         N/A       100%        6
 Sculpt Simulacrum        Ice/Alch       0%         N/A       100%        6
 Summon Hydra             Summ           0%         N/A       100%        7
 Disjunction              Tloc           0%         N/A       100%        8
 Lehudib's Crystal Spear  Conj/Erth      0%         10d2      100%        8
 Dragon's Call            Summ           0%         N/A       100%        9


Dungeon Overview and Level Annotations

Branches:
Dungeon (12/15)            Temple (1/1) D:7            Lair (1/5) D:11
    Orc (0/2) D:12          IceCv (1/1)             Gauntlet (visited)

Altars:
Ashenzari
Cheibriados
Dithmenos
Elyvilon
Fedhas
Gozag
Hepliaklqana
Kikubaaqudgha
Makhleb
Nemelex Xobeh
Okawaru
Qazlal
Ru
Sif Muna
Trog
Uskayaw
Vehumet
Wu Jian
Xom
Yredelemnul
Zin
The Shining One
Beogh

Shops:
D:3 *(   D:4 *   D:5 (   D:6 =**   D:11 *

Annotations:
D:9 exclusion: 2 oklob plants


Innate Abilities, Weirdness & Mutations

You can wield a second weapon in your off-hand.
It takes a long time for you to wield or remove held weapons.
Your first few attacks do less damage.
You cannot equip rings or amulets.


Message History

Found a viscous altar of Jiyva.
The azure jelly moves out of view.
An azure jelly is nearby!
Unknown command.
Okay, then.
Okay, then.
Okay, then.
Aiming: Bolt of Light
Press: ? - help, Shift-Dir - straight line, f - azure jelly
Aim: an azure jelly (74% to hit)
Okay, then.
Aiming: Bolt of Light
Press: ? - help, Shift-Dir - straight line, f - azure jelly
Aim: an azure jelly (74% to hit)
The bolt of light misses the azure jelly.
Aiming: Bolt of Light
Press: ? - help, Shift-Dir - straight line, f/p - azure jelly
Aim: an azure jelly (74% to hit)
The bolt of light misses the azure jelly.
The now-empty wand crumbles to dust.
The azure jelly hits you but does no damage.
The azure jelly hits you. The azure jelly freezes you!!
The azure jelly hits you but does no damage. x2
As you read the scroll of teleportation, it crumbles to dust.
You feel strangely unstable. The azure jelly hits you.
The azure jelly freezes you!!!
* * * LOW HITPOINT WARNING * * *
The azure jelly hits you but does no damage.
The azure jelly hits you.
* * * LOW HITPOINT WARNING * * *
The azure jelly closely misses you.
You feel much better.
The azure jelly hits you but does no damage. x4
As you read the scroll of fear, it crumbles to dust.
You assume a fearsome visage.
The azure jelly resists with some effort.
The azure jelly hits you but does no damage.
The azure jelly hits you!
* * * LOW HITPOINT WARNING * * *
The azure jelly freezes you!!
You die...

### ########### ....##
###.........### ......#
#.............###
#.....####.....###......##
..#.....###.@...####.....#
._.........#J.....# ##....#
...#.....J.......####.....#
.#......##########.......##
......##########........##
....######...........####
#####...............##
###.......###########
#.......### ###########


You could see an azure jelly.

Vanquished Creatures
  2 quicksilver oozes (IceCv)
  A minotaur (Gauntlet)
  5 two-headed ogres
  A hell hog (Gauntlet)
  A death drake (Gauntlet)
  Pikel (D:7)
  A spectral wolf spider (Gauntlet)
  An ugly thing (D:12)
  A cyclops (D:12)
  A manticore (D:11)
  A centaur zombie (Gauntlet)
  2 ice statues (IceCv)
  A spectral centaur (Gauntlet)
  3 gargoyles
  A cane toad (Lair:1)
  2 unseen horrors (D:11)
  An efreet (D:12)
  4 trolls
  A spectral harpy (Gauntlet)
  4 blink frogs (Lair:1)
  12 slime creatures (IceCv)
  A shadow (D:5)
  3 wraiths
  3 fire bats (Gauntlet)
  17 yaks
  A golden eye (D:9)
  2 wyverns
  A basilisk (D:11)
  A golden eye (shapeshifter) (D:10)
  A steam dragon (D:8)
  2 vampire mosquitoes (D:12)
  A great orb of eyes simulacrum (IceCv)
  2 acid dragons (D:10)
  2 hell hounds (Gauntlet)
  2 water moccasins
  A sky beast (D:8)
  4 black bears
  6 orc warriors
  An ogre (D:5)
  12 wolves
  3 centaurs
  2 slime creature simulacra (IceCv)
  6 bullfrogs
  2 kobold brigands
  2 glowing shapeshifter simulacra (IceCv)
  2 scorpions
  5 wights (D:7)
  10 killer bees
  A jelly (D:4)
  2 howler monkeys
  5 hounds
  5 orc priests
  A sleepcap (D:5)
  3 iguanas
  9 orc wizards
  2 shapeshifter simulacra (IceCv)
  7 gnolls
  14 adders
  A white imp (D:7)
  4 ufetubi
  35 orcs
  9 endoplasms
  5 giant cockroaches
  6 goblins
  9 hobgoblins
  4 jackals (D:2)
  15 kobolds
  4 quokkas
  10 ball pythons
  4 bats
  4 frilled lizards
  5 rats
306 creatures vanquished.

Notes
Turn   | Place    | Note
-------+----------+-------------------------------------------
     0 | D:5      | Implojin the Coglin Delver began the quest for the Orb.
     0 | D:5      | Reached XP level 1. HP: 18/18 MP: 1/1
     2 | D:5      | Noticed an ogre
     9 | D:4      | Found Axzulo's Assorted Antiques.
    38 | D:4      | Reached skill level 2 in Short Blades
    63 | D:4      | Reached XP level 2. HP: 19/24 MP: 2/2
   130 | D:3      | Found Xeycli's Weapon Emporium.
   406 | D:1      | Reached skill level 3 in Short Blades
   438 | D:1      | Reached XP level 3. HP: 29/29 MP: 3/3
   898 | D:2      | Reached XP level 4. HP: 34/35 MP: 4/4
  1040 | D:2      | Found a stormy altar of Qazlal.
  1110 | D:2      | Reached skill level 4 in Short Blades
  2091 | D:3      | Reached XP level 5. HP: 41/41 MP: 5/5
  2129 | D:3      | Found Juigeets's Assorted Antiques.
  2224 | D:3      | Found a shimmering altar of Xom.
  2238 | D:3      | Found a basalt altar of Yredelemnul.
  2727 | D:4      | Reached skill level 5 in Short Blades
  3091 | D:4      | Reached XP level 6. HP: 32/47 MP: 6/6
  3659 | D:4      | Reached skill level 6 in Short Blades
  4447 | D:5      | Noticed a black bear
  4562 | D:5      | Reached skill level 1 in Evocations
  4675 | D:5      | Reached XP level 7. HP: 54/54 MP: 7/7
  4710 | D:5      | Noticed a shadow
  4729 | D:6      | Found Xumit's Assorted Antiques.
  5417 | D:6      | Found Haomazef's Assorted Antiques.
  5598 | D:6      | Found Oseamipt's Jewellery Boutique.
  5960 | D:6      | Reached skill level 7 in Short Blades
  6125 | D:7      | Reached XP level 8. HP: 60/60 MP: 8/8
  6229 | D:7      | Reached skill level 8 in Short Blades
  6365 | D:7      | Found a staircase to the Ecumenical Temple.
  6404 | Temple   | Entered the Ecumenical Temple
  6418 | Temple   | Became a worshipper of the Wu Jian Council
  6488 | D:7      | Noticed Pikel
  6509 | D:7      | Killed Pikel
  6510 | D:7      | Reached skill level 9 in Short Blades
  6510 | D:7      | Reached XP level 9. HP: 51/65 MP: 9/9
  7121 | D:5      | Reached skill level 10 in Short Blades
  7615 | D:3      | Bought a +4 rapier of speed for 374 gold pieces
  7928 | D:8      | Noticed a two-headed ogre
  7940 | D:8      | Reached * piety under Wu Jian
  7942 | D:8      | Killed a two-headed ogre
  7943 | D:8      | Reached skill level 5 in Dodging
  7946 | D:8      | Reached skill level 11 in Short Blades
  8333 | D:8      | Reached XP level 10. HP: 64/71 MP: 10/10
  8486 | D:8      | Identified the ring "Coskaemn" {Fly Will+ Int+3 Stlth+}
  8977 | D:9      | Noticed an oklob plant
  9011 | D:9      | Noticed an oklob plant
  9301 | D:3      | Bought a scroll labelled ENATSEIRELL for 23 gold pieces
  9333 | D:4      | Bought a scroll labelled KYESEO EJOIN for 24 gold pieces
  9389 | D:6      | Bought a scroll labelled VUDOCE DUIRAY for 22 gold pieces
  9389 | D:6      | Bought a scroll labelled VUMPERCHILU for 22 gold pieces
  9471 | D:10     | Entered Level 10 of the Dungeon
  9474 | D:10     | Noticed a two-headed ogre
  9475 | D:10     | Reached skill level 12 in Short Blades
  9497 | D:10     | Killed a two-headed ogre
  9512 | D:10     | Reached skill level 13 in Short Blades
  9765 | D:10     | Noticed a gargoyle
  9767 | D:10     | Killed a gargoyle
  9865 | D:10     | Reached XP level 11. HP: 36/77 MP: 11/11
 10136 | D:10     | Noticed a two-headed ogre
 10142 | D:10     | Killed a two-headed ogre
 10143 | D:10     | Reached skill level 14 in Short Blades
 10311 | D:10     | Reached ** piety under Wu Jian
 10416 | D:10     | Acquired 827 gold pieces
 10550 | D:6      | Bought a dazzling plate armour for 672 gold pieces
 10550 | D:6      | Identified the +0 plate armour "Gajuts" {Str+4 Stlth+} (You
                  | bought it in a shop on level 6 of the Dungeon)
 10612 | D:4      | Bought a pair of boots for 108 gold pieces
 10612 | D:4      | Bought a silver wand for 96 gold pieces
 10957 | D:11     | Reached skill level 5 in Evocations
 11225 | D:11     | Noticed a manticore
 11230 | D:11     | Killed a manticore
 11301 | D:11     | Reached skill level 5 in Fighting
 11658 | D:11     | Found Oceudat's Assorted Antiques.
 11667 | D:11     | Bought a jewelled silver wand for 108 gold pieces
 11866 | D:11     | Reached skill level 1 in Shapeshifting
 12056 | D:11     | Found a staircase to the Lair.
 12420 | D:11     | Found Oceudat's Assorted Antiques.
 12459 | D:11     | Found a staircase to the Lair.
 12930 | D:12     | Noticed a brown ugly thing
 12936 | D:12     | Killed a brown ugly thing
 12995 | D:12     | Noticed a two-headed ogre
 12999 | D:12     | Killed a two-headed ogre
 13014 | D:12     | Noticed a cyclops
 13028 | D:12     | Killed a cyclops
 13029 | D:12     | Reached XP level 12. HP: 60/91 MP: 12/12
 13034 | D:12     | Reached skill level 5 in Shapeshifting
 13052 | D:12     | Found a staircase to the Orcish Mines.
 13122 | D:12     | Found a gate leading to a gauntlet.
 13129 | Gauntlet | Entered a Gauntlet
 13129 | Gauntlet | Found a transporter.
 13131 | Gauntlet | Noticed a hell hog
 13132 | Gauntlet | Found a transporter.
 13136 | Gauntlet | Found a transporter.
 13137 | Gauntlet | Found a transporter.
 13137 | Gauntlet | Found a transporter.
 13138 | Gauntlet | Found a transporter.
 13143 | Gauntlet | Found the macabre finger necklace {Finger+ rN+}
 13149 | Gauntlet | Found a transporter.
 13178 | Gauntlet | Found a transporter.
 13178 | Gauntlet | Found a transporter.
 13182 | Gauntlet | Noticed a catoblepas
 13187 | Gauntlet | Found a transporter.
 13217 | Gauntlet | Found a transporter.
 13250 | Gauntlet | Found a transporter.
 13341 | Gauntlet | Killed a hell hog
 13345 | Gauntlet | Reached *** piety under Wu Jian
 13628 | Gauntlet | Identified the +7 hand axe of Quijul {freeze, Will+ SInv}
 13628 | Gauntlet | Noticed a minotaur
 13634 | Gauntlet | Killed a minotaur
 13640 | Gauntlet | Got Bimyittu's Tractate on Fascination and Kinetic Energy
 13927 | D:12     | Found a roughly hewn altar of Beogh.
 13927 | D:12     | Noticed a two-headed ogre
 13940 | D:12     | Killed a two-headed ogre
 14102 | Lair:1   | Entered Level 1 of the Lair of Beasts
 14296 | Lair:1   | Found a frozen archway.
 14453 | IceCv    | Entered an ice cave
 14464 | IceCv    | Noticed a quicksilver ooze
 14472 | IceCv    | Killed a quicksilver ooze
 14492 | IceCv    | Reached **** piety under Wu Jian
 14501 | IceCv    | Reached XP level 13. HP: 83/96 MP: 6/13
 14522 | IceCv    | Reached skill level 10 in Shapeshifting
 14773 | IceCv    | Noticed a quicksilver ooze
 14779 | IceCv    | Killed a quicksilver ooze
 14939 | IceCv    | Found a viscous altar of Jiyva.
 14939 | IceCv    | Noticed an azure jelly
 14951 | IceCv    | Slain by an azure jelly

Illustrated notes

Levels and vault maps discovered:
D:1:      scummos_arrival_forest, layout_rooms
D:2:      layout_basic, basic_altar, serial_bayou_lagoon_b
D:3:      layout_basic, mainiacjoe_overflow_big_doors, serial_shops,
          nicolae_shop_pleasant_corner_grove, shop
D:4:      layout_gridville, serial_shops, nicolae_shop_crystal, dk_vineyard_3
D:5:      layout_cave_pools, serial_shops, nicolae_stop_n_shop_2,
          gup_sewer_entry_glass
D:6:      layout_gridville, serial_shops, kennysheep_little_box,
          nicolae_shop_tiny_waterfront, nicolae_shop_behind_doors
D:7:      layout_rooms, minmay_temple_entry_sparse_star, nicolae_eternal_life,
          minmay_misc_feat_rows, uniq_pikel
D:8:      layout_loops_ring, minivault_27
D:9:      layout_rooms, minmay_splitting_lines, moated_statue, disabler_island
D:10:     layout_loops_ring
D:11:     layout_gridville, minmay_lair_entry_grove, serial_shops, shop
D:12:     layout_basic, minmay_orc_entry_temple_small, gauntlet_entry_generic
Temple:   nicolae_temple_bog_church
Lair:1:   layout_regular_city, portal_ice_cave_entry_pillars_1,
          infiniplex_staircase_pool, serial_bayou_shore_b, grunt_megastairs_2
IceCv:    ice_cave_hellmonk_azure_passage

Skill      XL: |  1  2  3  4  5  6  7  8  9 10 11 12 13 |
---------------+----------------------------------------+-----
Short Blades   | 2 3 4 5 6 7 9 11 13 14 | 14.0
Fighting       | 4 7 8 |  8.7
Evocations     | 1 4 6 |  6.0
Dodging        | 5 |  5.0
Shapeshifting  | 4 9 10 | 10.0
Stealth        | |  4.7

Action                     |  1- 3 |  4- 6 |  7- 9 | 10-12 | 13-15 || total
---------------------------+-------+-------+-------+-------+-------++-------
  Melee: Short sword       |    82 |   155 |    50 |       |       ||   287
         Dagger            |    82 |   164 |   378 |   467 |    42 ||  1133
         Rapier            |       |       |    27 |   503 |    49 ||   579
  Throw: Javelin           |       |    17 |    20 |     2 |       ||    39
         Dart              |       |     3 |       |       |       ||     3
         Throwing net      |       |       |       |     1 |       ||     1
Ability: Lunge             |       |       |     6 |    44 |    10 ||    60
         Whirlwind         |       |       |       |    31 |     1 ||    32
         Evoke Invisibilit |       |       |       |     1 |     1 ||     2
  Evoke: Wand              |       |     3 |    12 |    27 |     2 ||    44
    Use: Potion            |     1 |     1 |     2 |    10 |     1 ||    15
         Scroll            |       |     6 |     9 |    15 |     2 ||    32
   Stab: Sleeping          |     5 |     4 |     5 |     8 |       ||    22
         Invisible         |       |       |       |     4 |    16 ||    20
         Held in net/web   |       |       |       |     3 |       ||     3
 Armour: Leather armour    |    21 |       |       |       |       ||    21
         Ring mail         |    40 |    91 |   127 |    36 |       ||   294
         Plate armour      |       |       |       |   197 |    27 ||   224
  Dodge: Dodged            |    42 |    69 |    90 |    95 |     4 ||   300

Table legend: (Time is in decaauts)
 A = Elapsed time spent in this place.
 B = Non-inter-level travel time spent in this place.
 C = Inter-level travel time spent in this place.
 D = Time resting spent in this place.
 E = Time spent auto-exploring this place.
 F = Levels seen in this place.
 G = Mean time per level.
                   A        B        C        D        E       F      G
               +--------+--------+--------+--------+--------+-----+--------+
         Total |  14553 |  13070 |   1483 |   1683 |   7943 |  16 |  909.6 |
       Dungeon |  13242 |  11772 |   1470 |   1093 |   7869 |  12 | 1103.5 |
        Temple |     35 |     22 |     13 |      0 |      0 |   1 |   35.0 |
          Lair |    305 |    305 |      0 |    146 |      0 |   1 |  305.0 |
      Ice Cave |    476 |    476 |      0 |    261 |     74 |   1 |  476.0 |
      Gauntlet |    494 |    494 |      0 |    183 |      0 |   1 |  494.0 |
               +--------+--------+--------+--------+--------+-----+--------+

Top non-repeatable levels by time:
     D:4: 1939 daAuts
    D:11: 1912 daAuts
     D:6: 1710 daAuts
    D:10: 1203 daAuts
     D:2: 1108 daAuts
     D:3: 1006 daAuts
     D:8: 883 daAuts
     D:7: 881 daAuts
     D:5: 723 daAuts
     D:1: 694 daAuts
     D:9: 601 daAuts
    D:12: 578 daAuts
Gauntlet: 494 daAuts
   IceCv: 476 daAuts
  Lair:1: 305 daAuts
